Map: Realities Simulation LE

Players

Popeye

  • Race: Terran Terran
  • Spawn Location: 12:00

Ahab

  • Race: Terran Terran
  • Spawn Location: 11:00

linkinsfer

  • Race: Protoss Protoss
  • League: Silver
  • Spawn Location: 9:00

MattBarry - Winner!

  • Race: Protoss Protoss
  • League: Gold
  • Spawn Location: 5:00

Alebay - Winner!

  • Race: Protoss Protoss
  • Spawn Location: 3:00

MattBarry - Winner!

  • Race: Zerg Zerg
  • League: Gold
  • Spawn Location: 6:00

VOD

Have the link to the VOD?

Description

Time

  • Played on: Jan. 20, 2023, 5:54 p.m.
  • Length: 10:35
Show
View Real Time Build Order
Export as new Build Order

Popeye Terran 

Build Orders:  

Get SALT Encoding   

  12  0:00  SCV  
  13  0:19  SCV  
  14  0:22  Supply Depot  
  14  0:29  Supply Depot  
  14  0:40  Refinery  
  14  1:01  Barracks  
  14  1:09  SCV  
  15  1:30  SCV  
  16  1:42  SCV  
  17  1:51  Refinery  
  17  1:54  SCV  
  17  1:58  Engineering Bay  
  17  2:00  Barracks Reactor  
  18  2:06  SCV  
  19  2:18  SCV  
  20  2:31  SCV  
  20  2:36  Barracks  
  21  2:43  SCV  
  22  2:55  SCV  
  23  3:19  Marine x2  
  24  3:24  Barracks  
  24  3:26  Barracks Reactor  
  25  3:37  Marine x2  
  25  3:38  Factory  
  27  3:55  Marine x2  
  29  4:03  Marine x2  
  31  4:20  Supply Depot  
  31  4:23  Factory, Barracks Reactor  
  31  4:27  Factory Tech Lab  
  31  4:41  Marine x4  
  31  4:43  Supply Depot  
  35  4:53  Orbital Command  
  35  4:59  Marine x3  
  38  5:06  Supply Depot  
  33  5:39  Factory Tech Lab  
  33  5:41  Siege Tank  
  33  5:43  Marine x4  
  33  5:45  Marine x2  
  39  6:13  Supply Depot, Siege Tank  
  25  6:45  Siege Tank x2  
  26  7:01  Marine x4  
  11  7:18  Siege Tank x2  
  16  8:17  SCV  
  17  8:30  SCV  
  18  8:42  SCV  
  19  8:54  SCV  
  20  9:06  SCV  
  21  9:16  Command Center  
  21  9:36  Supply Depot  
  21  10:11  Supply Depot  
Show
View Real Time Build Order
Export as new Build Order

Ahab Terran 

Build Orders: 2 Factory 

Get SALT Encoding   

  12  0:02  SCV  
  13  0:14  SCV  
  14  0:22  Supply Depot  
  14  0:26  SCV  
  15  0:55  Barracks  
  15  0:58  SCV  
  16  1:07  Supply Depot  
  16  1:10  SCV  
  17  1:11  Refinery  
  17  1:22  SCV  
  18  1:34  SCV  
  19  1:46  SCV  
  20  1:55  Refinery  
  20  1:58  Marine, SCV  
  22  2:03  Command Center  
  22  2:10  SCV  
  23  2:16  Marine  
  23  2:18  Factory  
  24  2:34  Marine  
  25  2:45  Supply Depot  
  25  2:52  Marine  
  26  3:00  Factory  
  26  3:03  Factory Tech Lab  
  26  3:09  Marine  
  26  3:11  SCV  
  28  3:15  Refinery  
  28  3:23  SCV  
  29  3:27  Marine  
  29  3:33  Siege Tank  
  33  3:35  SCV  
  33  3:38  Refinery  
  34  3:42  SCV  
  34  3:45  Marine  
  34  3:47  SCV, Factory Tech Lab  
  37  3:57  SCV  
  37  3:59  SCV  
  39  4:03  Marine  
  41  4:10  SCV  
  41  4:11  Siege Tank  
  44  4:21  Marine  
  44  4:22  SCV  
  46  4:28  Siege Tank  
  49  4:34  SCV  
  50  4:43  Siege Tank  
  41  5:37  Siege Tank  
  41  5:39  Siege Tank  
  41  5:41  Marine  
  48  5:45  SCV  
  49  5:57  SCV  
  49  5:58  Marine  
  51  6:07  Bunker  
  51  6:09  Siege Tank  
  54  6:37  Bunker  
  54  6:45  Supply Depot  
  54  7:06  Marine, SCV, Siege Tank x2  
  62  7:23  Supply Depot, SCV  
  62  7:24  Marine  
  57  7:38  Siege Tank  
  57  7:42  Marine  
  61  7:59  Marine  
  62  8:16  Supply Depot  
  62  8:23  Supply Depot  
  62  8:24  Marine  
  62  8:25  Siege Tank x2  
  69  8:39  Supply Depot  
  69  9:05  Siege Tank  
  69  9:07  Siege Tank  
  75  9:37  Siege Tank  
  78  9:38  Bunker  
  78  9:39  Siege Tank  
  78  9:42  Marine  
  82  9:59  Marine  
  80  10:10  Ghost Academy  
Show
View Real Time Build Order
Export as new Build Order

linkinsfer Protoss 

Build Orders:  

Get SALT Encoding   

  12  0:01  Probe  
  13  0:13  Probe  
  14  0:21  Pylon  
  14  0:25  Probe  
  15  0:32  Assimilator  
  15  0:41  Gateway  
  15  0:54  Gateway  
  15  1:05  Gateway  
  15  1:09  Probe  
  16  1:21  Probe  
  16  1:24  Pylon  
  17  1:38  Cybernetics Core  
  17  1:49  Probe  
  18  1:59  Pylon  
  19  2:01  Probe  
  19  2:03  Assimilator  
  19  2:21  Stalker  
  19  2:22  Stalker  
  23  2:24  Stalker  
  25  2:35  Probe  
  26  2:47  Probe  
  27  2:53  Warp Gate  
  27  2:59  Probe  
  27  3:03  Stalker  
  27  3:04  Stalker  
  32  3:07  Stalker  
  34  3:25  Pylon  
  34  3:27  Forge  
  34  3:49  Probe  
  35  4:01  Nexus  
  35  4:07  Pylon  
  35  4:18  Pylon  
  35  4:21  Assimilator  
  35  4:25  Assimilator  
  35  4:42  Stalker x2  
  35  4:43  Stalker  
  41  4:58  Photon Cannon  
  39  5:08  Photon Cannon  
  23  5:37  Stalker x3  
  23  5:41  Probe  
  30  5:45  Probe  
  31  5:53  Probe  
  32  5:58  Probe  
  33  6:06  Probe  
  33  6:10  Probe  
  35  6:18  Probe  
  36  6:22  Probe  
  36  6:25  Stalker x2  
  41  6:27  Stalker  
  41  6:30  Probe  
  44  6:34  Probe  
  45  6:42  Probe  
  45  6:46  Probe  
  35  7:08  Stalker  
  35  7:09  Stalker x2  
  35  7:38  Gateway  
  35  7:39  Gateway  
  35  7:42  Gateway  
  35  7:43  Gateway  
  35  8:04  Stargate  
  35  8:06  Stargate  
  35  8:07  Stargate  
  35  8:09  Stargate  
  35  8:11  Stargate  
  35  8:12  Stargate  
  35  8:18  Pylon  
  35  8:21  Pylon  
  35  8:48  Stalker x2  
  37  8:49  Stalker x2  
  37  8:50  Stalker x2  
  37  8:51  Stalker  
  49  9:04  Probe  
  50  9:16  Probe  
  37  9:32  Stalker x3  
  37  9:33  Stalker x3  
  37  9:34  Stalker  
  48  9:59  Stalker x3  
  46  10:00  Stalker x3  
Show
View Real Time Build Order
Export as new Build Order

MattBarry Protoss - Winner!

Build Orders: 1 Gate Expand, Double Forge 

Get SALT Encoding   

  12  0:00  Probe  
  13  0:12  Probe  
  14  0:23  Pylon  
  14  0:24  Probe  
  15  0:41  Probe  
  15  0:42  Gateway  
  16  0:53  Probe  
  17  1:01  Assimilator  
  17  1:05  Probe  
  18  1:18  Probe  
  19  1:22  Nexus  
  19  1:30  Probe  
  20  1:36  Cybernetics Core  
  20  1:42  Probe  
  21  1:52  Pylon  
  22  1:54  Probe  
  22  2:06  Probe  
  23  2:12  Warp Gate  
  23  2:15  Adept  
  25  2:18  Probe  
  25  2:19  Assimilator  
  26  2:30  Probe  
  26  2:34  Probe  
  28  2:40  Gateway  
  28  2:41  Gateway  
  28  2:43  Probe  
  29  2:48  Adept  
  29  2:51  Probe (Chrono Boost)  
  32  2:55  Probe (Chrono Boost)  
  33  3:02  Probe (Chrono Boost)  
  33  3:04  Probe (Chrono Boost)  
  35  3:06  Pylon  
  35  3:07  Probe (Chrono Boost)  
  35  3:10  Probe (Chrono Boost)  
  37  3:16  Probe (Chrono Boost)  
  38  3:22  Probe (Chrono Boost)  
  38  3:25  Robotics Facility  
  40  3:27  Probe (Chrono Boost)  
  40  3:30  Probe (Chrono Boost)  
  40  3:32  Probe (Chrono Boost)  
  40  3:33  Sentry x2  
  40  3:34  Stalker  
  48  3:38  Probe  
  49  3:41  Pylon  
  49  3:43  Probe  
  49  3:46  Pylon  
  50  3:50  Probe  
  50  3:55  Assimilator, Probe  
  52  3:57  Assimilator  
  52  4:06  Stalker x2  
  56  4:11  Stalker  
  56  4:14  Probe x2  
  60  4:23  Observer  
  61  4:26  Probe x2  
  61  4:31  Twilight Council  
  63  4:32  Forge  
  63  4:34  Forge  
  63  4:37  Pylon  
  63  4:42  Pylon  
  63  4:43  Probe  
  63  4:44  Probe  
  65  4:49  Observer  
  65  4:52  Stalker x2  
  70  4:56  Stalker  
  72  5:22  Stalker  
  72  5:23  Stalker x2  
  72  5:25  Observer  
  76  5:30  Blink  
  72  5:39  Protoss Ground Weapons Level 1 (Chrono Boost)  
  72  5:40  Protoss Ground Armor Level 1 (Chrono Boost)  
  72  5:41  Observer  
  73  5:50  Stalker x2  
  73  5:52  Zealot  
  79  6:01  Pylon x2  
  79  6:15  Nexus  
  79  6:16  Pylon  
  79  6:17  Robotics Bay  
  79  6:19  Pylon  
  73  7:16  Stalker x3  
  79  7:27  Probe x2  
  81  7:42  Gateway  
  81  7:43  Gateway  
  81  7:45  Gateway, Probe x3  
  81  7:46  Protoss Ground Weapons Level 2, Protoss Ground Armor Level 2, Gateway  
  81  7:48  Gateway  
  83  7:57  Probe x3  
  84  8:01  Observer  
  82  8:09  Charge (Chrono Boost), Probe x3  
  82  8:10  Disruptor  
  88  8:17  Stalker x3  
  94  8:28  Assimilator  
  94  8:32  Assimilator  
  94  8:35  Probe x3  
  94  8:38  Stalker x2  
  94  8:40  Stalker x4  
  109  8:41  Stalker  
  109  8:43  Stalker  
  109  8:45  Disruptor  
  109  8:47  Probe x3  
  119  9:08  Stalker  
  119  9:09  Stalker x6  
  133  9:15  Nexus  
  133  9:16  Pylon  
  133  9:20  Pylon  
  133  9:22  Pylon  
  111  10:28  Stalker x5  
  115  10:29  Stalker x3  
  127  10:33  Pylon  
Show
View Real Time Build Order
Export as new Build Order

Alebay Protoss - Winner!

Build Orders: 1 Gate Expand 

Get SALT Encoding   

  12  0:00  Probe  
  13  0:12  Probe  
  14  0:24  Pylon  
  14  0:25  Probe  
  15  0:42  Probe  
  16  0:44  Gateway  
  16  0:49  Assimilator  
  16  0:54  Probe  
  17  1:07  Probe  
  18  1:19  Probe  
  19  1:28  Nexus  
  19  1:31  Probe  
  20  1:34  Pylon  
  20  1:48  Cybernetics Core  
  20  1:50  Probe  
  21  1:57  Assimilator  
  21  2:02  Probe  
  22  2:14  Probe  
  22  2:15  Gateway  
  23  2:25  Warp Gate (Chrono Boost)  
  23  2:26  Probe  
  23  2:28  Stalker  
  26  2:37  Pylon  
  26  2:40  Probe x2  
  28  2:54  Probe x2  
  30  2:58  Stalker  
  30  3:01  Shield Battery  
  32  3:08  Probe  
  32  3:09  Probe  
  34  3:15  Pylon  
  34  3:24  Forge  
  34  3:26  Gateway  
  36  3:27  Probe x2  
  36  3:30  Stalker (Chrono Boost)  
  38  3:40  Probe x2  
  40  3:43  Assimilator  
  40  3:48  Gateway  
  40  3:55  Probe  
  40  3:56  Probe  
  40  3:59  Protoss Ground Weapons Level 1 (Chrono Boost)  
  42  4:04  Stalker  
  44  4:11  Probe x2  
  46  4:17  Gateway  
  46  4:21  Robotics Facility  
  46  4:23  Probe x2  
  46  4:24  Stalker  
  50  4:29  Stalker  
  52  4:37  Photon Cannon  
  52  4:44  Shield Battery  
  52  4:46  Stalker x2  
  52  4:50  Probe x2  
  58  4:56  Assimilator  
  58  5:02  Stalker x2  
  58  5:36  Pylon  
  58  5:38  Pylon  
  58  5:53  Protoss Ground Armor Level 1 (Chrono Boost)  
  58  5:54  Probe x2  
  60  5:59  Stalker x2  
  64  6:06  Immortal  
  68  6:12  Stalker  
  70  6:21  Pylon  
  70  6:24  Pylon  
  70  6:26  Pylon  
  70  6:29  Pylon  
  60  6:45  Immortal  
  60  7:02  Stalker x4  
  60  7:21  Stalker  
  62  7:29  Gateway  
  62  7:30  Gateway  
  62  7:33  Gateway  
  62  7:34  Gateway  
  62  7:40  Protoss Shields Level 1 (Chrono Boost)  
  62  7:45  Stalker x3  
  62  7:46  Stalker x2  
  72  8:02  Pylon  
  72  8:04  Pylon  
  72  8:06  Pylon  
  72  8:10  Pylon, Nexus  
  72  8:11  Immortal  
  76  8:22  Stalker x2  
  76  8:23  Stalker x3  
  86  8:28  Stalker x2  
  90  8:38  Twilight Council  
  90  8:41  Pylon  
  90  8:43  Pylon  
  90  8:45  Pylon  
  90  8:48  Stalker x2  
  90  8:49  Stalker  
  90  8:50  Immortal  
  100  9:10  Probe  
  100  9:11  Probe  
  102  9:20  Stalker x5  
  102  9:22  Probe  
  102  9:23  Probe  
  114  9:36  Probe x3  
  117  9:48  Probe  
  117  9:49  Photon Cannon, Probe  
  117  9:51  Photon Cannon  
  107  10:26  Stalker x6  
  107  10:27  Stalker x2  
Show
View Real Time Build Order
Export as new Build Order

MattBarry Zerg - Winner!

Build Orders: Hatch First 

Get SALT Encoding   

  12  0:00  Drone  
  13  0:08  Drone  
  14  0:18  Overlord  
  14  0:26  Drone, Extractor  
  15  0:37  Drone  
  15  0:39  Drone  
  17  0:55  Hatchery  
  16  1:13  Drone x2  
  16  1:14  Drone  
  19  1:20  Spawning Pool  
  18  1:27  Drone  
  18  1:31  Extractor  
  18  2:00  Drone x2  
  20  2:07  Queen  
  22  2:09  Queen  
  22  2:11  Drone  
  26  2:15  Drone x2  
  26  2:20  Drone  
  28  2:32  Overlord  
  28  2:36  Extractor  
  27  2:37  Zergling x4, Evolution Chamber  
  27  2:42  Overlord  
  29  2:50  Queen  
  31  2:51  Drone  
  31  2:53  Metabolic Boost, Drone  
  33  3:02  Drone  
  34  3:17  Drone x4  
  34  3:18  Drone x2  
  40  3:25  Drone x2  
  42  3:31  Drone x2  
  44  3:47  Hatchery  
  43  3:57  Queen  
  43  4:02  Extractor  
  43  4:08  Zergling x2  
  44  4:10  Overlord x2  
  43  4:19  Zergling x2  
  44  4:28  Queen, Overlord  
  44  4:29  Zergling x6  
  44  4:30  Zergling x6  
  52  4:32  Zerg Melee Weapons Level 1  
  52  4:50  Zergling x4  
  52  4:51  Drone x4  
  57  5:05  Zergling x10, Roach Warren  
  57  5:06  Zergling x4  
  60  5:17  Baneling Nest  
  54  5:41  Drone x5  
  54  5:42  Drone x4  
  63  5:43  Overlord x2  
  63  5:44  Overlord x2  
  63  5:46  Lair  
  62  5:56  Drone  
  59  5:58  Zergling x4  
  59  6:01  Zergling x2  
  59  6:02  Zergling x2  
  63  6:14  Extractor  
  63  6:15  Spore Crawler  
  63  6:17  Spore Crawler  
  60  6:18  Spore Crawler  
  60  6:20  Spore Crawler  
  60  6:24  Spore Crawler x2  
  56  6:26  Spore Crawler  
  56  6:27  Zergling x6  
  56  6:28  Zergling x2  
  56  6:29  Zergling x2, Hatchery  
  56  6:32  Zergling x2  
  60  6:33  Zergling x12  
  66  6:40  Zergling x18  
  66  6:41  Zergling x4  
  72  7:05  Zergling x10  
  72  7:06  Zergling x2  
  76  7:10  Roach x9  
  71  7:32  Zergling x12  
  77  7:40  Zergling x10  
  77  7:41  Zergling x8  
  77  7:44  Queen  
  84  7:47  Zerg Melee Weapons Level 2  
  82  7:51  Evolution Chamber  
  82  7:54  Evolution Chamber  
  82  7:56  Queen  
  82  7:58  Hatchery  
  81  8:16  Drone  
  81  8:17  Drone x4, Overlord x2  
  81  8:18  Drone x4  
  81  8:19  Queen, Drone x3  
  95  8:45  Roach x5  
  95  8:46  Overlord  
  105  9:10  Extractor  
  105  9:11  Extractor  
  103  9:17  Roach  
  103  9:18  Roach x4, Extractor  
  112  9:33  Drone x3  
  112  9:34  Drone x5  
  112  9:36  Extractor  
  112  9:37  Extractor  
  118  10:06  Zergling x2  
  118  10:07  Zergling x52  
  124  10:08  Zergling x4  
Tags
 
Add a new tag
Caveats
  • Supply blocks, unpowered buildings, or Contaminate may cause inaccurate times.
  • Supply counts are checked every 10 seconds.